 Dungeon Crawl Stone Soup version 0.25-a0-591-g2ad0d86 (webtiles) character file.

Game seed: 5486221413798926531, levelgen mode: deterministic

134 MrTaco21 the Cudgeler (level 5, -1/32 HPs)
             Began as a Gargoyle Fighter on Mar 14, 2020.
             Killed by divine providence
             ... invoked by an orc priest
              (11 damage)
             ... on level 3 of the Dungeon.
             The game lasted 00:03:41 (2162 turns).

MrTaco21 the Cudgeler (Gargoyle Fighter)            Turns: 2162, Time: 00:03:41

Health: -1/32      AC: 12    Str: 21    XL:     5   Next: 17%
Magic:  5/5        EV:  7    Int:  8    God:
Gold:   142        SH:  9    Dex:  9    Spells: 4/4 levels left

rFire    . . .     SeeInvis .   a - +0 flail
rCold    . . .     Gourm    .   c - +0 kite shield
rNeg     + . .     Faith    .   b - +0 scale mail
rPois    ∞         Spirit   .   n - +0 helmet
rElec    +         Reflect  .   (no cloak)
rCorr    .         Harm     .   (no gloves)
MR       .....                  (no boots)
Stlth    ..........             (no amulet)
HPRegen  0.10/turn              (no ring)
MPRegen  0.09/turn              (no ring)

@: no status effects
A: negative energy resistance 1, electricity resistance, unbreathing,
petrification resistance, rot immunity, AC +4
a: no special abilities


You were on level 3 of the Dungeon.
You were not hungry.

You visited 1 branch of the dungeon, and saw 3 of its levels.

You collected 142 gold pieces.

Inventory:

Hand Weapons
 a - a +0 flail (weapon)
Armour
 b - a +0 scale mail (worn)
 c - a +0 kite shield (worn)
 n - a +0 helmet (worn)
   (You found it on level 1 of the Dungeon)
 w - a +1 pair of boots
   (You found it on level 3 of the Dungeon)
Jewellery
 q - an uncursed ring of protection from magic {unknown}
   (You found it on level 2 of the Dungeon)
Scrolls
 i - a scroll of enchant armour {unknown}
 j - 4 scrolls of identify {unknown}
 k - a scroll of teleportation {unknown}
 r - a scroll of remove curse {unknown}
 t - a scroll of fear {unknown}
 v - a scroll of enchant weapon {unknown}
Potions
 d - 2 potions of might
 f - a potion of mutation {unknown}
 g - 2 potions of heal wounds {unknown}
 h - 3 potions of curing {unknown}
 l - a potion of berserk rage {unknown}
 m - a potion of lignification {unknown}
 o - a potion of ambrosia {unknown}
 p - a potion of brilliance {unknown}
 u - a potion of invisibility {unknown}
Comestibles
 e - 3 rations {!d}
 s - 5 chunks of flesh


   Skills:
 - Level 3.2 Fighting
 + Level 5.2 Maces & Flails
 - Level 3.2 Armour
 - Level 3.2 Shields


You had 4 spell levels left.
You didn't know any spells.
Your spell library was empty.

Dungeon Overview and Level Annotations

Branches:
Dungeon (3/15)

Altars:


Innate Abilities, Weirdness & Mutations

You are resistant to torment.
Your stone body is resilient. (AC +4)
You are immune to poison.
You resist negative energy. (rN+)
You are resistant to electric shocks. (rElec)
You can survive without breathing.
You are immune to petrification.
You are immune to rotting.


Message History

An orc is wielding a +2 flail of protection.
The orc shouts!
The orc wizard casts a spell at you.
The magic dart hits you but does no damage.
The orc hits you but does no damage. You block the orc wizard's attack.
Found 23 gold pieces.
You sock the orc wizard!
The orc wizard hits you but does no damage.
You block the orc's attack.
You hit the orc wizard but do no damage.
The orc wizard gestures wildly while chanting.
The orc wizard seems to speed up.
The orc barely misses you.
The orc wizard hits you but does no damage.
You block the orc's attack. You block the orc's attack.
The orc wizard casts a spell.
The orc wizard blinks!
You closely miss the orc. The orc hits you with a +0 hand axe.
You block the orc's attack.
You barely miss the orc. You block the orc's attack.
The orc hits you but does no damage.
Found 17 gold pieces.
The orc priest invokes the aid of Beogh against you.
Beogh smites you!
* * * LOW HITPOINT WARNING * * *
You barely miss the orc priest.
The orc priest calls upon Beogh to heal something.
The orc hits you but does no damage.
You hit the orc priest.
The orc priest hits you but does no damage.
You block the orc's attack.
You barely miss the orc priest.
The orc priest casts a cantrip, but nothing happens.
The orc barely misses you.
Unknown command.
You closely miss the orc priest. You block the orc's attack.
The orc priest hits you but does no damage.
Unknown command.
You closely miss the orc.
The orc hits you with a +2 flail of protection.
* * * LOW HITPOINT WARNING * * *
The orc hits you but does no damage. The orc priest barely misses you.
Unknown command.
You sock the orc priest!
The orc priest looks satisfied for a moment.
The orc hits you but does no damage. The orc closely misses you.
You closely miss the orc priest.
The orc priest mumbles some strange prayers to Beogh against you.
Beogh smites you!
You die...

#.## #. #.##. #.
#########.# .# #.
####......##.# .
#####.###.......#.##.# #
.......##.##.##.#.##.# #
#.###...##.##.##.#.##(####
$.......o@o...##.#........
.##....##o#####.####.####
..........o####.......#
#########o........#####
#....o.oo.####...
#..#...#...# #...
$..........# #...######
⌠..........# #.... ...#
$..........####....###.###


You could see an orc priest, an orc wizard and 2 orcs.

Vanquished Creatures
  A hound (D:3)
  4 adders
  2 worms (D:2)
  A dart slug (D:1)
  A leopard gecko (D:1)
  2 ball pythons (D:1)
  3 bats
  4 giant cockroaches
  13 goblins
  5 hobgoblins
  6 jackals
  9 kobolds
  A frilled lizard (D:1)
  3 rats
55 creatures vanquished.

Notes
Turn   | Place    | Note
-------+----------+-------------------------------------------
     0 | D:1      | MrTaco21 the Gargoyle Fighter began the quest for the Orb.
     0 | D:1      | Reached XP level 1. HP: 14/14 MP: 1/1
     6 | D:1      | Noticed a minotaur skeleton
    10 | D:1      | Noticed a minotaur skeleton
    66 | D:1      | Reached XP level 2. HP: 5/19 MP: 2/2
   347 | D:1      | Reached skill level 3 in Maces & Flails
   570 | D:1      | Reached XP level 3. HP: 23/23 MP: 3/3
  1104 | D:2      | Reached skill level 4 in Maces & Flails
  1282 | D:2      | Reached XP level 4. HP: 21/28 MP: 4/4
  2111 | D:3      | Reached skill level 5 in Maces & Flails
  2111 | D:3      | Reached XP level 5. HP: 20/32 MP: 5/5
  2162 | D:3      | Killed from afar by an orc priest

Levels and vault maps discovered:
D:1:      shiori_arrival_whats_in_store_for_you, layout_basic,
          minmay_curled_crystal, hangedman_feature_mirror, minmay_pentomino_z4
D:2:      layout_basic, kennysheep_generic_room_13
D:3:      cheibrodos_pilgrimage, layout_loops_cross,
          nicolae_overflow_crystal_walls

Skill      XL: |  1  2  3  4 |
---------------+-------------+-----
Maces & Flails | 3 4 5 |  5.2
Fighting       | |  3.2
Armour         | |  3.2
Shields        | |  3.2

Action                   |  1- 3 |  4- 6 || total
-------------------------+-------+-------++-------
Melee: Flail             |   181 |   108 ||   289
  Eat: Chunk             |     2 |     3 ||     5
Armor: Scale mail        |   110 |    68 ||   178
Dodge: Dodged            |    55 |    28 ||    83
Block: Kite shield       |   110 |    58 ||   168

Table legend:
 A = Non-vault XP
 B = Vault XP
 C = Vault XP percentage of total XP
 D = Non-vault monster count
 E = Vault monster count
 F = Vault count percentage of total count
                 A         B        C        D         E       F
            +---------+---------+-------+---------+---------+-------
      Total |     184 |       8 |   4.2 |      51 |       4 |   7.3
            +---------+---------+-------+---------+---------+-------
        D:1 |      44 |       8 |  15.4 |      24 |       4 |  14.3
        D:2 |      55 |       0 |   0.0 |      13 |       0 |   0.0
        D:3 |      85 |       0 |   0.0 |      14 |       0 |   0.0
            +---------+---------+-------+---------+---------+-------
